[Event "Shanghai COITCT 2019"]
[Site "Shanghai"]
[Date "2019.09.16"]
[Round "4.11"]
[White "Kurbonboeva, Sarvinoz"]
[Black "Zhigalko, Sergei"]
[Result "0-1"]
[ECO "E20"]
[WhiteElo "2262"]
[BlackElo "2574"]
[Annotator "RC"]
[PlyCount "104"]
[EventDate "2019.09.15"]
[EventType "team-tourn"]
[EventCountry "CHN"]
[SourceTitle "playchess.com"]
[Source "ChessBase"]
[SourceQuality "1"]
[TimeControl "1500+10"]

1. d4 Nf6 2. c4 e6 3. Nc3 Bb4 4. g3 O-O 5. Bg2 d6 6. Qc2 e5 7. d5 c6 8. Bd2 Bxc3 9. Bxc3 cxd5 10. cxd5 b6 11. e4 Nbd7 12. Ne2 Ba6 13. O-O Rc8 14. Rad1 Nc5 15. Rfe1 Qd7 16. f4 Na4 17. fxe5 dxe5 18. Qd2 Bxe2 19. Rxe2 Nxc3 20. bxc3 Ne8 21. Qg5 Qd6 22. Rc1 Rc4 23. Rec2 Nf6 24. Qe3 Rfc8 25. h3 Qa3 26. Kh2 Qc5 27. Qd3 Ne8 28. Bf1 Nd6 29. Bg2 b5 30. h4 Qa3 31. Qe3 h6 32. Qf3 Rxe4 33. Qh5 Re3 34. Qg4 Qc5 35. Qb4 h5 36. a4 a6 37. axb5 axb5 38. Qxc5 Rxc5 39. Bh3 g6 40. g4 hxg4 41. Bxg4 Rxd5 42. h5 gxh5 43. Bxh5 Kf8 44. Bg4 Rc5 45. Kg2 Ke7 46. Bf3 e4 47. Be2 f5 48. Kf2 f4 49. Bg4 Rg3 50. Be2 e3+ 51. Kf1 f3 52. Bd3 Rh5 0-1

[Event "Shanghai COITCT 2019"]
[Site "Shanghai"]
[Date "2019.09.17"]
[Round "6.1"]
[White "Karimov, Alisher"]
[Black "Xu, Zhihang"]
[Result "0-1"]
[ECO "D30"]
[WhiteElo "2251"]
[BlackElo "2506"]
[Annotator "ChessBase"]
[PlyCount "83"]
[EventDate "2019.09.15"]
[EventType "team-tourn"]
[EventCountry "CHN"]
[SourceTitle "playchess.com"]
[Source "ChessBase"]
[SourceQuality "1"]
[TimeControl "1500+10"]

1. d4 Nf6 2. c4 e6 3. g3 d5 4. Nf3 dxc4 5. Qa4+ c6 6. Qxc4 b5 7. Qc2 Bb7 8. Bg2 Nbd7 9. O-O Be7 10. Nc3 O-O 11. Ne5 Rc8 12. Rd1 a6 13. a4 Nxe5 14. dxe5 Nd5 15. Ne4 Qc7 16. Bg5 Bxg5 17. Nxg5 g6 18. Qe4 h6 19. Nf3 Qe7 20. Rac1 Rfd8 21. h4 c5 22. Nh2 h5 23. axb5 axb5 24. Nf3 Nb6 25. Rxd8+ Rxd8 26. Qc2 Bxf3 27. Bxf3 c4 28. Kg2 Qc7 29. Qc3 Nd5 30. Qd4 Ne7 31. Qf4 Nf5 32. Be4 Rd4 33. e3 Rd2 34. Bxf5 exf5 35. b3 Qc6+ 36. Kg1 c3 37. e6 c2 38. exf7+ Kxf7 39. e4 Rd1+ 40. Kh2 Rxc1 41. Qxc1 Qxe4 42. Qh6 0-1

[Event "Shanghai COITCT 2019"]
[Site "Shanghai"]
[Date "2019.09.17"]
[Round "6.2"]
[White "Ma, Zhonghan"]
[Black "Kabilov, Amin"]
[Result "1/2-1/2"]
[ECO "B06"]
[WhiteElo "2485"]
[BlackElo "2199"]
[Annotator "ChessBase"]
[PlyCount "81"]
[EventDate "2019.09.15"]
[EventType "team-tourn"]
[EventCountry "CHN"]
[SourceTitle "playchess.com"]
[Source "ChessBase"]
[SourceQuality "1"]
[TimeControl "1500+10"]

1. d4 d6 2. e4 g6 3. Nf3 Bg7 4. Be2 a6 5. O-O Nd7 6. Nc3 e6 7. Bf4 Ne7 8. Qd2 h6 9. e5 d5 10. Bd3 c5 11. dxc5 Nxc5 12. b4 Nxd3 13. cxd3 g5 14. Be3 g4 15. Nd4 Bxe5 16. f4 Bf6 17. Rac1 Bd7 18. Nce2 h5 19. f5 e5 20. Bg5 Nc6 21. Bxf6 Qxf6 22. Nxc6 Bxc6 23. d4 e4 24. Rf2 Kd7 25. Nf4 h4 26. Rc5 g3 27. Rf1 h3 28. Nxh3 Rag8 29. Rc3 gxh2+ 30. Kxh2 Rg4 31. Rf2 Rhg8 32. Qe3 Qh4 33. Rcc2 Rg3 34. Qf4 R8g4 35. Qe5 f6 36. Qe6+ Kc7 37. Rxc6+ bxc6 38. Qe7+ Kc8 39. Qe8+ Kc7 40. Qe7+ Kc8 41. Qe8+ 1/2-1/2

[Event "Shanghai COITCT 2019"]
[Site "Shanghai"]
[Date "2019.09.17"]
[Round "6.3"]
[White "Antonova, Nadezhda"]
[Black "Mu, Ke"]
[Result "0-1"]
[ECO "D45"]
[WhiteElo "1930"]
[BlackElo "2414"]
[Annotator "NA"]
[PlyCount "55"]
[EventDate "2019.09.15"]
[EventType "team-tourn"]
[EventCountry "CHN"]
[SourceTitle "playchess.com"]
[Source "ChessBase"]
[SourceQuality "1"]
[TimeControl "1500+10"]

1. Nf3 d5 2. d4 Nf6 3. e3 c6 4. c4 e6 5. Nc3 Nbd7 6. cxd5 exd5 7. Bd3 Bd6 8. O-O O-O 9. Qc2 Re8 10. Bd2 Qe7 11. Rfc1 Ne4 12. a3 Ndf6 13. h3 h6 14. b4 a6 15. Na4 Bf5 16. Nc5 Rac8 17. Bc3 Bh7 18. Rab1 Rc7 19. a4 g5 20. Qe2 h5 21. Bxe4 Nxe4 22. Nxe4 Bxe4 23. Rb2 g4 24. hxg4 hxg4 25. Ne5 Bxe5 26. dxe5 Qh4 27. Bd4 Re6 28. f3 0-1

[Event "Shanghai COITCT 2019"]
[Site "Shanghai"]
[Date "2019.09.17"]
[Round "6.9"]
[White "Zarubitski, Viachaslau"]
[Black "Waqar, Ahmad Madni"]
[Result "1-0"]
[ECO "B90"]
[WhiteElo "2435"]
[BlackElo "1979"]
[Annotator "ChessBase"]
[PlyCount "93"]
[EventDate "2019.09.15"]
[EventType "team-tourn"]
[EventCountry "CHN"]
[SourceTitle "playchess.com"]
[Source "ChessBase"]
[SourceQuality "1"]
[TimeControl "1500+10"]

1. e4 c5 2. Nf3 d6 3. d4 cxd4 4. Nxd4 Nf6 5. Nc3 a6 6. Be3 e5 7. Nb3 Be6 8. Qd2 Nbd7 9. O-O-O Qc7 10. f4 Be7 11. Kb1 Rc8 12. h3 h5 13. f5 Bc4 14. Bd3 b5 15. Qf2 b4 16. Na4 d5 17. Nb6 Nxb6 18. Bxb6 Qc6 19. Na5 Qb5 20. exd5 Bxd3 21. Rxd3 Nxd5 22. f6 gxf6 23. Ba7 Qxa5 24. Qf5 Rd8 25. Rhd1 Rg8 26. g4 hxg4 27. hxg4 Qb5 28. Qh7 Rxg4 29. Ka1 Qc4 30. Bb6 Rd6 31. Qh8+ Bf8 32. Bf2 Qxc2 33. R3d2 Qc4 34. Qh1 e4 35. Rc1 Qb5 36. Qd1 Rg5 37. Bh4 Rf5 38. Bg3 Rd7 39. Rd4 Ne3 40. Rc8+ Ke7 41. Rxe4+ Re5 42. Qb1 Qd5 43. Bxe5 fxe5 44. Rxe3 Bh6 45. Re1 f6 46. Qh7+ Ke6 47. Qxh6 1-0

[Event "Shanghai COITCT 2019"]
[Site "Shanghai"]
[Date "2019.09.17"]
[Round "6.13"]
[White "Venkatesh, M.R."]
[Black "Nigmatov, Ortik"]
[Result "0-1"]
[ECO "B07"]
[WhiteElo "2481"]
[BlackElo "2482"]
[Annotator "ChessBase"]
[PlyCount "66"]
[EventDate "2019.09.15"]
[EventType "team-tourn"]
[EventCountry "CHN"]
[SourceTitle "playchess.com"]
[Source "ChessBase"]
[SourceQuality "1"]
[TimeControl "1500+10"]

1. Nf3 Nf6 2. g3 g6 3. Bg2 Bg7 4. d4 O-O 5. O-O d6 6. a4 c6 7. Re1 Qc7 8. e4 e5 9. Nc3 Nbd7 10. h3 Re8 11. Be3 b6 12. Qd2 Rb8 13. Rad1 a6 14. Bh6 b5 15. axb5 axb5 16. Nh4 Bxh6 17. Qxh6 exd4 18. Ne2 c5 19. Nf4 Bb7 20. g4 Qd8 21. g5 Nxe4 22. Nf3 Ne5 23. Re2 Nxf3+ 24. Bxf3 Re5 25. h4 Qd7 26. Nd3 Re7 27. Rde1 Rbe8 28. Bg2 c4 29. Nb4 Ng3 30. Rxe7 Rxe7 31. Ra1 Nf5 32. Bh3 Qe6 33. h5 Qe4 0-1

[Event "Shanghai COITCT 2019"]
[Site "Shanghai"]
[Date "2019.09.17"]
[Round "6.14"]
[White "Kurbonboeva, Sarvinoz"]
[Black "Krishna C R G"]
[Result "1-0"]
[ECO "D13"]
[WhiteElo "2262"]
[BlackElo "2446"]
[Annotator "ChessBase"]
[PlyCount "91"]
[EventDate "2019.09.15"]
[EventType "team-tourn"]
[EventCountry "CHN"]
[SourceTitle "playchess.com"]
[Source "ChessBase"]
[SourceQuality "1"]
[TimeControl "1500+10"]

1. d4 Nf6 2. c4 c6 3. Nf3 d5 4. Nc3 a6 5. cxd5 cxd5 6. Bf4 Nc6 7. Ne5 Qb6 8. Nxc6 bxc6 9. Qd2 Bf5 10. f3 e6 11. a3 Be7 12. Rc1 Nd7 13. e4 dxe4 14. fxe4 Bg6 15. Be2 O-O 16. O-O e5 17. Be3 exd4 18. Bxd4 Bc5 19. Bxc5 Nxc5 20. Qe3 Rab8 21. b4 Nxe4 22. Qxb6 Rxb6 23. Na4 Rbb8 24. Rxc6 Nd2 25. Rd1 Rbd8 26. Nc3 Rfe8 27. Rxa6 h6 28. Kf2 Rd4 29. Ke1 Red8 30. Nb5 R4d7 31. Rd6 Rxd6 32. Nxd6 Nb1 33. Nb5 Ra8 34. Kf2 Ra6 35. Rd6 Ra8 36. Bf3 Rb8 37. a4 Bc2 38. Bd1 Be4 39. Bb3 Kf8 40. Rd7 Bg6 41. Rd1 Rc8 42. a5 Rb8 43. Bc4 Rc8 44. Be2 Ra8 45. Bf3 Ra6 46. Rd6 1-0

[Event "Shanghai COITCT 2019"]
[Site "Shanghai"]
[Date "2019.09.17"]
[Round "6.15"]
[White "Kulkarni Bhakti"]
[Black "Baymuratova, Sevara"]
[Result "1-0"]
[ECO "D46"]
[WhiteElo "2429"]
[BlackElo "2126"]
[Annotator "NA"]
[PlyCount "26"]
[EventDate "2019.09.15"]
[EventType "team-tourn"]
[EventCountry "CHN"]
[SourceTitle "playchess.com"]
[Source "ChessBase"]
[SourceQuality "1"]
[TimeControl "1500+10"]

1. c4 d5 2. e3 Nf6 3. Nc3 c6 4. Nf3 b6 5. d4 Bb7 6. Bd3 e6 7. Qc2 Be7 8. O-O Nbd7 9. b3 O-O 10. Bb2 Rc8 11. Rfe1 Qc7 12. Ne5 h6 13. Nxd7 Nxd7 1-0

[Event "Shanghai COITCT 2019"]
[Site "Shanghai"]
[Date "2019.09.17"]
[Round "7.1"]
[White "Nigmatov, Ortik"]
[Black "Karimov, Alisher"]
[Result "1/2-1/2"]
[ECO "C55"]
[WhiteElo "2482"]
[BlackElo "2251"]
[Annotator "ChessBase"]
[PlyCount "106"]
[EventDate "2019.09.15"]
[EventType "team-tourn"]
[EventCountry "CHN"]
[SourceTitle "playchess.com"]
[Source "ChessBase"]
[SourceQuality "1"]
[TimeControl "1500+10"]

1. e4 e5 2. Nf3 Nc6 3. Bc4 Nf6 4. d3 h6 5. c3 d6 6. O-O g6 7. d4 Qe7 8. dxe5 Nxe5 9. Nxe5 dxe5 10. Qe2 Bg7 11. f3 O-O 12. Be3 Be6 13. Nd2 Nd7 14. b4 Rfd8 15. a4 a5 16. Rfb1 axb4 17. cxb4 Nf8 18. a5 Bxc4 19. Qxc4 Ne6 20. b5 Nd4 21. a6 Bf8 22. Nb3 Qb4 23. Qxb4 Bxb4 24. axb7 Rab8 25. Nxd4 exd4 26. Bf4 Bd6 27. Bxd6 Rxd6 28. Ra8 Rdd8 29. Rba1 Kg7 30. Kf2 Kf6 31. Ke2 Ke7 32. R8a7 Rd6 33. R1a6 d3+ 34. Kd2 Ke6 35. f4 Kd7 36. g3 Rd4 37. e5 Rb4 38. Ra5 Rb3 39. h3 h5 40. Ra3 Rxb5 41. Rxd3+ Ke6 42. Ra6+ Ke7 43. Rc6 R8xb7 44. Rdc3 Kd7 45. g4 hxg4 46. hxg4 R5b6 47. R6c5 Rb5 48. R5c4 Rb4 49. Ke3 Rxc4 50. Rxc4 Rb1 51. Kd4 Rg1 52. g5 Rf1 53. Ke4 Re1+ 1/2-1/2

[Event "Shanghai COITCT 2019"]
[Site "Shanghai"]
[Date "2019.09.17"]
[Round "7.2"]
[White "Kabilov, Amin"]
[Black "Kurbonboeva, Sarvinoz"]
[Result "1-0"]
[ECO "E97"]
[WhiteElo "2199"]
[BlackElo "2262"]
[Annotator "NA"]
[PlyCount "71"]
[EventDate "2019.09.15"]
[EventType "team-tourn"]
[EventCountry "CHN"]
[SourceTitle "playchess.com"]
[Source "ChessBase"]
[SourceQuality "1"]
[TimeControl "1500+10"]

1. d4 Nf6 2. c4 g6 3. Nc3 Bg7 4. e4 d6 5. Nf3 O-O 6. Be2 e5 7. O-O Nc6 8. d5 Ne7 9. b4 a5 10. bxa5 Rxa5 11. a4 Nh5 12. Re1 f5 13. Nd2 Nf6 14. Ba3 b6 15. Bb4 Ra8 16. f3 f4 17. Nb3 Re8 18. Nb5 Nd7 19. a5 Nc5 20. Qc2 c6 21. Nxd6 Rf8 22. Nxc8 Rxc8 23. d6 Nd5 24. Bxc5 bxc5 25. cxd5 cxd5 26. exd5 Qxd6 27. Bc4 e4 28. Ra2 e3 29. a6 Ra8 30. a7 Rf7 31. Ra6 Qd7 32. d6 Rxa7 33. Bxf7+ Qxf7 34. Rxa7 Qxa7 35. Qc4+ Kh8 36. Qxc5 1-0

[Event "Shanghai COITCT 2019"]
[Site "Shanghai"]
[Date "2019.09.17"]
[Round "7.3"]
[White "Baymuratova, Sevara"]
[Black "Antonova, Nadezhda"]
[Result "0-1"]
[ECO "E19"]
[WhiteElo "2126"]
[BlackElo "1930"]
[Annotator "NA"]
[PlyCount "88"]
[EventDate "2019.09.15"]
[EventType "team-tourn"]
[EventCountry "CHN"]
[SourceTitle "playchess.com"]
[Source "ChessBase"]
[SourceQuality "1"]
[TimeControl "1500+10"]

1. d4 Nf6 2. c4 e6 3. Nf3 b6 4. g3 Bb7 5. Bg2 Be7 6. O-O O-O 7. Nc3 Ne4 8. Qc2 Nxc3 9. Qxc3 c5 10. Rd1 Bf6 11. Qc2 Qc8 12. d5 e5 13. Bh3 Qd8 14. e4 d6 15. Be3 Na6 16. Qe2 Nc7 17. Bg2 Bc8 18. Nd2 Bd7 19. a4 a6 20. b4 a5 21. b5 g6 22. Kh1 Bg7 23. Ra3 Qe7 24. f4 Rae8 25. Rf1 exf4 26. gxf4 f5 27. e5 dxe5 28. fxe5 Bxe5 29. Bg1 Bd6 30. Re3 Qg7 31. Nf3 f4 32. Rxe8 Rxe8 33. Qd2 g5 34. Re1 g4 35. Rxe8+ Nxe8 36. Ne1 f3 37. Bf1 Nf6 38. Bd3 Nh5 39. Bf2 g3 40. hxg3 Nxg3+ 41. Bxg3 Qxg3 42. Nxf3 Qxf3+ 43. Qg2+ Bg4 44. Be4 Qxg2+ 0-1

[Event "Shanghai COITCT 2019"]
[Site "Shanghai"]
[Date "2019.09.17"]
[Round "7.4"]
[White "Xu, Yinglun"]
[Black "Venkatesh, M.R."]
[Result "0-1"]
[ECO "E43"]
[WhiteElo "2565"]
[BlackElo "2481"]
[Annotator "ChessBase"]
[PlyCount "90"]
[EventDate "2019.09.15"]
[EventType "team-tourn"]
[EventCountry "CHN"]
[SourceTitle "playchess.com"]
[Source "ChessBase"]
[SourceQuality "1"]
[TimeControl "1500+10"]

1. Nf3 Nf6 2. c4 e6 3. Nc3 Bb4 4. d4 b6 5. e3 Bb7 6. Bd3 Ne4 7. Qc2 f5 8. O-O Bxc3 9. bxc3 O-O 10. Ne1 Ng5 11. f3 Nc6 12. Rb1 Rb8 13. g3 Na5 14. Qe2 c5 15. Bd2 Rc8 16. h4 Nf7 17. e4 Re8 18. Kh2 Ba6 19. d5 Ne5 20. Bg5 Qc7 21. Bf4 exd5 22. cxd5 c4 23. Bc2 d6 24. Ba4 Re7 25. Bg5 Rf7 26. exf5 Nb7 27. Bc2 Re8 28. f4 h6 29. fxe5 Rxe5 30. Be3 Qe7 31. Ng2 Nc5 32. Qd2 Nd3 33. Bxd3 cxd3 34. Rbe1 Rfxf5 35. Rxf5 Rxf5 36. Bxh6 Qf7 37. Bf4 Rxd5 38. Re4 Bb7 39. Ra4 a5 40. Ne3 Rb5 41. Qxd3 Rb2+ 42. Kg1 Qd7 43. Re4 Qh3 44. Nc2 Rb1+ 45. Ne1 Rxe1+ 0-1

[Event "Shanghai COITCT 2019"]
[Site "Shanghai"]
[Date "2019.09.17"]
[Round "7.5"]
[White "Krishna C R G"]
[Black "Bai, Jinshi"]
[Result "0-1"]
[ECO "D00"]
[WhiteElo "2446"]
[BlackElo "2591"]
[Annotator "ChessBase"]
[PlyCount "84"]
[EventDate "2019.09.15"]
[EventType "team-tourn"]
[EventCountry "CHN"]
[SourceTitle "playchess.com"]
[Source "ChessBase"]
[SourceQuality "1"]
[TimeControl "1500+10"]

1. Nf3 Nf6 2. d4 g6 3. Nc3 d5 4. Bf4 Bg7 5. e3 O-O 6. Be2 c5 7. dxc5 Nbd7 8. O-O Nxc5 9. Be5 b6 10. a4 Bb7 11. Bd4 Ne6 12. Be5 Nc5 13. Ra3 Ncd7 14. Bd4 Qb8 15. Na2 e5 16. Bc3 a6 17. a5 b5 18. Bb4 Re8 19. h3 Qa7 20. Rc3 Rad8 21. Nc1 d4 22. exd4 e4 23. Nh2 Nd5 24. Rb3 Bxd4 25. Qe1 Nc5 26. Bxc5 Qxc5 27. c3 Bg7 28. g3 Re7 29. Ra3 Qc8 30. h4 f5 31. Nb3 f4 32. Bg4 Qc7 33. Nd4 Rde8 34. gxf4 Qxf4 35. Ne2 Qc7 36. Bh3 h5 37. Kg2 Be5 38. Rh1 Nf4+ 39. Nxf4 Bxf4 40. Qe2 e3+ 41. f3 Bxh2 42. Rxh2 Rd8 0-1

[Event "Shanghai COITCT 2019"]
[Site "Shanghai"]
[Date "2019.09.17"]
[Round "7.6"]
[White "Wen, Yang"]
[Black "Kulkarni Bhakti"]
[Result "1/2-1/2"]
[ECO "C77"]
[WhiteElo "2586"]
[BlackElo "2429"]
[Annotator "ChessBase"]
[PlyCount "99"]
[EventDate "2019.09.15"]
[EventType "team-tourn"]
[EventCountry "CHN"]
[SourceTitle "playchess.com"]
[Source "ChessBase"]
[SourceQuality "1"]
[TimeControl "1500+10"]

1. e4 e5 2. Nf3 Nc6 3. Bb5 a6 4. Ba4 Nf6 5. d3 b5 6. Bb3 Bc5 7. Nc3 h6 8. Nd5 d6 9. c3 O-O 10. Nxf6+ Qxf6 11. Bd5 Bd7 12. Rg1 Qe7 13. g4 Kh8 14. g5 Rae8 15. Nh4 g6 16. Nf5 Bxf5 17. exf5 Qd7 18. f6 Qf5 19. Qf3 Qxf3 20. Bxf3 e4 21. dxe4 d5 22. a4 Ne5 23. Be2 dxe4 24. Rg3 Nd3+ 25. Bxd3 exd3+ 26. Be3 hxg5 27. axb5 axb5 28. Kd2 Bxe3+ 29. fxe3 Re6 30. Rf1 Rfe8 31. Rff3 Re5 32. b4 c5 33. bxc5 Rxc5 34. Rg4 Rec8 35. Rb4 Rxc3 36. Rxb5 g4 37. Rf4 Ra3 38. Rb2 Rc2+ 39. Rxc2 dxc2 40. Rc4 Ra6 41. Rxg4 Rxf6 42. Rh4+ Kg7 43. Kxc2 Rd6 44. Rf4 f5 45. e4 Rd4 46. Kc3 Ra4 47. Kd3 Ra3+ 48. Kd4 Ra4+ 49. Ke3 Rxe4+ 50. Rxe4 1/2-1/2

[Event "Shanghai COITCT 2019"]
[Site "Shanghai"]
[Date "2019.09.17"]
[Round "7.7"]
[White "Lodhi, Mahmood"]
[Black "Idani, Pouya"]
[Result "1/2-1/2"]
[ECO "E05"]
[WhiteElo "2349"]
[BlackElo "2586"]
[Annotator "ChessBase"]
[PlyCount "95"]
[EventDate "2019.09.15"]
[EventType "team-tourn"]
[EventCountry "CHN"]
[SourceTitle "playchess.com"]
[Source "ChessBase"]
[SourceQuality "1"]
[TimeControl "1500+10"]

1. d4 Nf6 2. Nf3 d5 3. g3 e6 4. Bg2 Be7 5. O-O O-O 6. c4 dxc4 7. Qa4 Qd5 8. Nc3 Qc6 9. Qc2 Qa6 10. a4 c6 11. Bg5 Nbd7 12. e4 h6 13. Bxf6 Bxf6 14. e5 Be7 15. Ne4 c5 16. dxc5 Nxc5 17. Nxc5 Bxc5 18. Rfc1 Bd7 19. Qxc4 Qxc4 20. Rxc4 Rac8 21. Rac1 b6 22. Ne1 Rfd8 23. Nd3 Bxa4 24. Nxc5 Bb5 25. R4c2 Rxc5 26. Rxc5 bxc5 27. Bf1 Bxf1 28. Kxf1 Rd5 29. f4 g5 30. Ke2 Kg7 31. Ke3 Kg6 32. Ra1 Rd7 33. Ra5 Rb7 34. Rxc5 Rxb2 35. Ra5 g4 36. Rxa7 Rxh2 37. Ra6 Rg2 38. Ke4 Rxg3 39. f5+ Kg5 40. fxe6 fxe6 41. Rxe6 Rg1 42. Ke3 h5 43. Re8 Re1+ 44. Kf2 Re4 45. e6 h4 46. e7 Kf6 47. Rh8 g3+ 48. Kf3 1/2-1/2

[Event "Shanghai COITCT 2019"]
[Site "Shanghai"]
[Date "2019.09.17"]
[Round "7.8"]
[White "Darini, Pouria"]
[Black "Khan, Mohd. Omer"]
[Result "1-0"]
[ECO "B12"]
[WhiteElo "2428"]
[BlackElo "2273"]
[Annotator "NA"]
[PlyCount "61"]
[EventDate "2019.09.15"]
[EventType "team-tourn"]
[EventCountry "CHN"]
[SourceTitle "playchess.com"]
[Source "ChessBase"]
[SourceQuality "1"]
[TimeControl "1500+10"]

1. e4 c6 2. d4 d5 3. e5 Bf5 4. Nf3 e6 5. Be2 Nd7 6. O-O Rc8 7. Nbd2 c5 8. c3 cxd4 9. Nxd4 Bg6 10. N2f3 Ne7 11. Bg5 a6 12. Rc1 Qb6 13. c4 dxc4 14. Bxc4 Qxb2 15. Nxe6 fxe6 16. Bxe6 Rd8 17. Qa4 Qb5 18. Qf4 Nc5 19. Bc4 Qd7 20. e6 Nxe6 21. Bxe6 Qxe6 22. Rfe1 Qd6 23. Ne5 Qd4 24. Qf3 Qd5 25. Qa3 Qd6 26. Qb3 Qd5 27. Qb4 Qb5 28. Qh4 Nf5 29. Nxg6+ Kd7 30. Qe4 hxg6 31. Qe6# 1-0

[Event "Shanghai COITCT 2019"]
[Site "Shanghai"]
[Date "2019.09.17"]
[Round "7.12"]
[White "Murzin, Volodar"]
[Black "Zarubitski, Viachaslau"]
[Result "1/2-1/2"]
[ECO "B11"]
[WhiteElo "2433"]
[BlackElo "2435"]
[Annotator "NA"]
[PlyCount "75"]
[EventDate "2019.09.15"]
[EventType "team-tourn"]
[EventCountry "CHN"]
[SourceTitle "playchess.com"]
[Source "ChessBase"]
[SourceQuality "1"]
[TimeControl "1500+10"]

1. e4 c6 2. Nf3 d5 3. Nc3 Bg4 4. h3 Bxf3 5. Qxf3 Nf6 6. g3 e6 7. Bg2 Bb4 8. e5 Nfd7 9. Qg4 Bf8 10. f4 Qb6 11. d3 g6 12. Ne2 c5 13. O-O Nc6 14. c3 Be7 15. Qf3 O-O-O 16. Kh1 h5 17. h4 Qa6 18. Bh3 Kc7 19. Bd2 c4 20. d4 b5 21. f5 gxf5 22. Nf4 b4 23. Bxf5 bxc3 24. bxc3 exf5 25. Nxd5+ Kc8 26. Rab1 Ba3 27. Bf4 Qa4 28. Ne3 Nb6 29. d5 Ne7 30. d6 Ng6 31. Nd5 Bc5 32. Rfd1 Kb8 33. Nc7 Kc8 34. Nb5 Kb8 35. Nc7 Kc8 36. Nb5 Kb8 37. Nc7 Kc8 38. Nb5 1/2-1/2

[Event "Shanghai COITCT 2019"]
[Site "Shanghai"]
[Date "2019.09.17"]
[Round "7.13"]
[White "Xu, Zhihang"]
[Black "Orozbaev, Eldiar"]
[Result "1/2-1/2"]
[ECO "A88"]
[WhiteElo "2506"]
[BlackElo "1908"]
[Annotator "ChessBase"]
[PlyCount "67"]
[EventDate "2019.09.15"]
[EventType "team-tourn"]
[EventCountry "CHN"]
[SourceTitle "playchess.com"]
[Source "ChessBase"]
[SourceQuality "1"]
[TimeControl "1500+10"]

1. d4 f5 2. c4 Nf6 3. Nf3 g6 4. g3 Bg7 5. Bg2 O-O 6. O-O d6 7. Nc3 Qe8 8. Re1 c6 9. e4 fxe4 10. Nxe4 Nxe4 11. Rxe4 Bf5 12. Re1 Bg4 13. Bg5 e5 14. dxe5 dxe5 15. Qb3 Qf7 16. Nxe5 Bxe5 17. Rxe5 Nd7 18. Re7 Qxf2+ 19. Kh1 Rf3 20. Qxb7 Rb8 21. Qxc6 Rxb2 22. Qd5+ Kf8 23. Qa8+ Nb8 24. Re8+ Kxe8 25. Qe4+ Kf7 26. Qe7+ Kg8 27. Qe8+ Kg7 28. Qe7+ Rf7 29. Qe5+ Kg8 30. Qe8+ Kg7 31. Qe5+ Kg8 32. Qe8+ Kg7 33. Qe5+ Rf6 34. Qe7+ 1/2-1/2

[Event "Shanghai COITCT 2019"]
[Site "Shanghai"]
[Date "2019.09.17"]
[Round "7.14"]
[White "Zairbek kyzy, Begimai"]
[Black "Ma, Zhonghan"]
[Result "0-1"]
[ECO "B21"]
[WhiteElo "1989"]
[BlackElo "2485"]
[Annotator "ChessBase"]
[PlyCount "126"]
[EventDate "2019.09.15"]
[EventType "team-tourn"]
[EventCountry "CHN"]
[SourceTitle "playchess.com"]
[Source "ChessBase"]
[SourceQuality "1"]
[TimeControl "1500+10"]

1. e4 c5 2. d4 cxd4 3. c3 d3 4. Bxd3 Nc6 5. Nf3 g6 6. O-O Bg7 7. Qe2 d6 8. h3 Nf6 9. Be3 O-O 10. Rd1 Qc7 11. Na3 b6 12. Nb5 Qb8 13. Bf4 Bb7 14. Bh2 Nd7 15. Rac1 Nde5 16. Bb1 Nxf3+ 17. Qxf3 Ne5 18. Qe2 a6 19. Nd4 b5 20. f4 Nc6 21. Nf3 Qa7+ 22. Kh1 Rad8 23. Bg1 Qb8 24. Bb6 Rc8 25. b3 Ba8 26. Be3 Na5 27. Qd2 Qc7 28. Nd4 Rfd8 29. f5 Nc6 30. Bh6 Bf6 31. fxg6 hxg6 32. Bg5 Bg7 33. Rf1 Rf8 34. Bh6 Nxd4 35. cxd4 Qd7 36. Bxg7 Kxg7 37. d5 Bb7 38. Qd4+ f6 39. Qd3 Rxc1 40. Rxc1 Rc8 41. Rf1 Qe8 42. Bc2 e5 43. Bd1 Rc7 44. Qf3 Rf7 45. Qg3 Rf8 46. Be2 Qf7 47. Qe3 Qe7 48. a4 bxa4 49. bxa4 f5 50. Bf3 fxe4 51. Qxe4 Rf4 52. Qc2 Bxd5 53. Bxd5 Rxf1+ 54. Kh2 Qf6 55. Qc7+ Kh6 56. Qc4 Qf4+ 57. Qxf4+ Rxf4 58. Bc6 a5 59. Kg3 Kg5 60. Kh2 Rc4 61. Bb5 Rc3 62. Kg1 e4 63. Kf2 Kf4 0-1

[Event "Shanghai COITCT 2019"]
[Site "Shanghai"]
[Date "2019.09.17"]
[Round "8.1"]
[White "Karimov, Alisher"]
[Black "Orozbaev, Eldiar"]
[Result "1-0"]
[ECO "C00"]
[WhiteElo "2251"]
[BlackElo "1908"]
[Annotator "ChessBase"]
[PlyCount "148"]
[EventDate "2019.09.15"]
[EventType "team-tourn"]
[EventCountry "CHN"]
[SourceTitle "playchess.com"]
[Source "ChessBase"]
[SourceQuality "1"]
[TimeControl "1500+10"]

1. e4 e6 2. d3 d5 3. Nd2 Nc6 4. g3 dxe4 5. dxe4 Bc5 6. Bg2 e5 7. Ngf3 Nf6 8. O-O O-O 9. Qe2 Qe7 10. c3 a5 11. Nc4 b5 12. Ne3 Bxe3 13. Qxe3 Ba6 14. Nh4 Qe6 15. Nf5 h6 16. Bh3 Kh7 17. Re1 Ng8 18. Bg2 Rad8 19. Qc5 b4 20. Ne3 Bb7 21. Nd5 Rc8 22. Be3 bxc3 23. bxc3 a4 24. Qa3 Nce7 25. Qxa4 Nxd5 26. exd5 Bxd5 27. Bxd5 Qxd5 28. Rad1 Qf3 29. Bc5 Rfd8 30. Rxd8 Rxd8 31. Qe4+ Qxe4 32. Rxe4 Rd5 33. Be3 Ra5 34. a4 Nf6 35. Rc4 Nd5 36. Rc5 Rxc5 37. Bxc5 Nxc3 38. a5 Nd5 39. a6 c6 40. a7 Nc7 41. Bd6 Na8 42. Bxe5 Kg6 43. Kg2 f6 44. Bd6 Kf7 45. Kf3 g6 46. Ke4 Ke6 47. Bb4 Nc7 48. Ba5 Na8 49. Bd2 h5 50. Kd4 Kd7 51. Kc5 Kc7 52. f4 f5 53. Bc3 Kb7 54. Ba5 Ka6 55. Bd8 Kb7 56. Kd6 Kc8 57. Ba5 Kb7 58. h3 Ka6 59. Be1 Kb7 60. Bf2 Nc7 61. Ke7 h4 62. Kf6 hxg3 63. Bxg3 c5 64. Kxg6 c4 65. Be1 Nd5 66. Kxf5 Ne3+ 67. Ke4 Ng2 68. Bc3 Kxa7 69. Kf3 Nh4+ 70. Kg4 Ng2 71. Kg3 Nxf4 72. Kxf4 Kb6 73. h4 Kc6 74. h5 Kd5 1-0

[Event "Shanghai COITCT 2019"]
[Site "Shanghai"]
[Date "2019.09.17"]
[Round "8.2"]
[White "Zairbek kyzy, Begimai"]
[Black "Kabilov, Amin"]
[Result "0-1"]
[ECO "B22"]
[WhiteElo "1989"]
[BlackElo "2199"]
[Annotator "NA"]
[PlyCount "86"]
[EventDate "2019.09.15"]
[EventType "team-tourn"]
[EventCountry "CHN"]
[SourceTitle "playchess.com"]
[Source "ChessBase"]
[SourceQuality "1"]
[TimeControl "1500+10"]

1. e4 c5 2. d4 cxd4 3. c3 Nf6 4. e5 Nd5 5. Nf3 e6 6. Nxd4 Qc7 7. f4 a6 8. Be2 d6 9. O-O dxe5 10. fxe5 Be7 11. Qe1 Nd7 12. Bh5 O-O 13. Nf3 Nc5 14. Qg3 Ne4 15. Qe1 Nc5 16. Qe2 b5 17. Ng5 g6 18. Bg4 Bb7 19. Nf3 Kg7 20. Na3 Rad8 21. Nc2 Qb6 22. Kh1 a5 23. Ncd4 Ba6 24. Qd2 Ne4 25. Qh6+ Kg8 26. Bg5 Nxg5 27. Nxg5 Bxg5 28. Qxg5 b4 29. Rf3 bxc3 30. bxc3 Nxc3 31. Rh3 Ne4 32. Qh4 h5 33. Re1 Qxd4 34. Rhe3 Nc5 35. h3 hxg4 36. hxg4 Ne4 37. Rxe4 Qd2 38. R4e3 Rd3 39. Qg3 Rxe3 40. Qxe3 Qxe3 41. Rxe3 Rb8 42. Ra3 Rb5 43. Rc3 Rxe5 0-1